 Seeded DCSS version 0.32-a0-898-g7811c86cf0 (webtiles) character file.

Game seed: 202404045 (custom seed)

14 Orlauf the Chopper (level 2, 0/34 HPs)
             Began as a Demonspawn Gladiator on Apr 4, 2024.
             Succumbed to an adder's poison
             ... on level 2 of the Dungeon.
             The game lasted 00:00:56 (692 turns).

Orlauf the Chopper (Demonspawn Gladiator)            Turns: 692, Time: 00:00:57

Health: 0/34       AC:  4    Str: 14    XL:     2   Next: 27%
Magic:  2/2        EV: 11    Int:  8    God:
Gold:   102        SH:  4    Dex: 14    Spells: 1/1 levels left

rFire   . . .        a - +0 war axe
rCold   . . .        (no shield)
rNeg    . . .        b - +0 leather armour
rPois   .            c - +0 helmet
rElec   .            (no cloak)
rCorr   .            (no gloves)
SInv    .            (no boots)
Will    .....        (no amulet) Stlth
                     (no ring)
HPRegen 0.25/turn    (no ring)
MPRegen 0.08/turn

%: no passive effects
@: berserking, lethally poisoned (0 -> -2), very quick
A: condensation shield
a: no special abilities


You were on level 2 of the Dungeon.
You visited 1 branch of the dungeon, and saw 2 of its levels.

You collected 102 gold pieces.

Inventory:

Hand Weapons
 a - a +0 war axe (weapon)
Missiles
 d - 3 throwing nets (quivered)
 e - a javelin
Armour
 b - a +0 leather armour (worn)
 c - a +0 helmet (worn)
Jewellery
 f - an amulet of faith
Potions
 g - 2 potions of haste {unknown}


   Skills:
 + Level 2.3 Fighting
 * Level 3.2 Axes
 - Level 1.7 Throwing
 - Level 2.6 Dodging


You had one spell level left.
You didn't know any spells.
Your spell library contained the following spells:

 Spells                   Type           Power      Damage    Failure   Level
 Shock                    Conj/Air       0%         1d3       50%         1
 Swiftness                Air            0%         N/A       86%         3
 Airstrike                Air            0%         2d(0-16)  99%         4


Dungeon Overview and Level Annotations

Branches:
Dungeon (2/15)

Altars:

Shops:
D:1 ?


Innate Abilities, Weirdness & Mutations

A meltable shield of frost defends you. (SH +4)


Message History

The stream of webbing hits you but does no damage.
You are caught in a web!
The adder bites you but does no damage.
You are caught in a web!
You are caught in a web!
You are caught in a web!
You are caught in a web!
You are caught in a web!
You are caught in a web!
You are caught in a web!
You are caught in a web!
You are caught in a web!
You are caught in a web!
You are caught in a web!
You are caught in a web!
Unknown command.
The web tears apart.
The adder bites you.
You are poisoned.
The adder poisons you! The ribbon worm bites you.
You hit the ribbon worm.
The ribbon worm is heavily wounded.
You closely miss the adder.
You feel sick. The adder bites you but does no damage.
The ribbon worm bites you.
* * * LOW HITPOINT WARNING * * *
The adder barely misses you.
You hit the ribbon worm but do no damage.
The ribbon worm is heavily wounded.
You slash the adder!
* * * LOW HITPOINT WARNING * * *
You feel sick. The adder misses you.
The ribbon worm bites you but does no damage.
The adder barely misses you.
A red film seems to cover your vision as you go berserk!
You feel yourself moving faster!
You feel mighty!
You feel sick. The ribbon worm bites you.
* * * LOW HITPOINT WARNING * * *
The adder closely misses you.
You slash the ribbon worm!
You kill the ribbon worm!
You closely miss the adder.
You die...

.# .# # #.#
#. ..#
#.#.####..#
#......<..#
###.#!#...#
#####+#.....#
...)...@#...#
#.....S†#####
#.......#
#.......#
#.......#
#.......#
...###### ##+


You could see an adder.

Vanquished Creatures
  A ribbon worm (D:2)
  4 ball pythons (D:1)
  An endoplasm (D:1)
  2 giant cockroaches (D:1)
  A goblin (D:1)
  A hobgoblin (D:1)
  A bat (D:1)
  A frilled lizard (D:1)
  A kobold (D:1)
  2 rats (D:1)
15 creatures vanquished.

Notes
Turn   | Place    | Note
-------+----------+-------------------------------------------
     0 | D:1      | Orlauf the Demonspawn Gladiator began the quest for the
                  | Orb.
     0 | D:1      | Reached XP level 1. HP: 16/16 MP: 1/1
   140 | D:1      | Reached skill level 3 in Axes
   145 | D:1      | Gained mutation: A meltable shield of frost defends you.
                  | (SH +4) [demonic ancestry]
   145 | D:1      | Reached XP level 2. HP: 18/22 MP: 2/2
   347 | D:1      | Found Vuilael's Magic Scroll Boutique.
   691 | D:2      | HP: 1/34 [ribbon worm (3)]
   692 | D:2      | Succumbed to an adder's poison

Illustrated notes

Levels and vault maps discovered:
D:1:      matt_arrival_grand_opening, layout_rooms, serial_shops, shop,
          chequers_serial_rivers_room_a, kennysheep_pointless_box,
          minmay_misc_feat_secret_circle, fountainhead
D:2:      layout_basic

Skill      XL: |  1 |
---------------+----+-----
Axes           | 3 |  3.2
Fighting       | |  2.3
Throwing       | |  1.7
Dodging        | |  2.6

Action                     || total
---------------------------++-------
  Melee: War axe           ||    38
    Use: Scroll            ||     3
         Potion            ||     1
   Stab: Sleeping          ||     1
 Armour: Leather armour    ||    39
  Dodge: Dodged            ||    31
  Block: Other             ||     4

Table legend: (Time is in decaauts)
 A = Elapsed time spent in this place.
 B = Non-inter-level travel time spent in this place.
 C = Inter-level travel time spent in this place.
 D = Time resting spent in this place.
 E = Time spent auto-exploring this place.
 F = Levels seen in this place.
 G = Mean time per level.
                   A        B        C        D        E       F      G
               +--------+--------+--------+--------+--------+-----+--------+
         Total |    705 |    685 |     20 |     94 |    478 |   2 |  352.5 |
       Dungeon |    705 |    685 |     20 |     94 |    478 |   2 |  352.5 |
               +--------+--------+--------+--------+--------+-----+--------+

Top non-repeatable levels by time:
     D:1: 694 daAuts
     D:2: 11 daAuts
